 Dungeon Crawl Stone Soup version 0.31-a0-233-g139696dc86 (webtiles) character file.

Game seed: 10715030903537870493

396 Ekaitz the Magician (level 6, -2/32 HPs)
             Began as a Deep Elf Hedge Wizard on July 9, 2023.
             Slain by Menkaure (14 damage)
             ... on level 5 of the Dungeon.
             The game lasted 00:10:37 (3953 turns).

Ekaitz the Magician (Deep Elf Hedge Wizard)         Turns: 3953, Time: 00:10:38

Health: -2/32      AC:  2    Str:  7    XL:     6   Next: 52%
Magic:  12/17      EV: 13    Int: 19    God:
Gold:   78         SH:  0    Dex: 16    Spells: 4/17 levels left

rFire   . . .        a - +1 dagger (venom)
rCold   . . .        (no shield)
rNeg    . . .        b - +0 robe
rPois   .            c - +0 hat
rElec   .            (no cloak)
rCorr   .            (no gloves)
SInv    .            (no boots)
Will    .....        l - amulet of magic regeneration
Stlth   +++          r - +4 ring of slaying
HPRegen 0.25/turn    (no ring)
MPRegen 0.55/turn

%: no passive effects
@: no status effects
A: no striking features
a: no special abilities


You were on level 5 of the Dungeon.
You visited 1 branch of the dungeon, and saw 5 of its levels.

You collected 198 gold pieces.
You spent 120 gold pieces at shops.

Inventory:

Hand Weapons
 a - a +1 dagger of venom (weapon)
 h - a +0 dagger of distortion
 s - a +2 heavy sling
 x - the +2 hand axe "Qilourph" {freeze, rElec}
   (You found it on level 4 of the Dungeon)

   rElec:     It insulates you from electricity.
 z - the +2 short sword "Xutuemos" {freeze, Fragile rPois rCorr Int-5}
   (You found it on level 5 of the Dungeon)

   Int:       It affects your intelligence (-5).
   rPois:     It protects you from poison.
   rCorr:     It protects you from acid and corrosion.
   Fragile:   It will be destroyed if unequipped.
Missiles
 o - 3 boomerangs of dispersal
Armour
 b - a +0 robe (worn)
 c - a +0 hat (worn)
Magical Staves
 p - a staff of cold
Jewellery
 l - an amulet of magic regeneration (around neck)
 r - a +4 ring of slaying (left hand)
Scrolls
 e - 4 scrolls of identify
 i - a scroll of amnesia {unknown}
 j - 4 scrolls of vulnerability {unknown}
 m - a scroll of revelation {unknown}
 n - 3 scrolls of poison {unknown}
 t - a scroll of enchant weapon {unknown}
 v - a scroll of fog {unknown}
 y - a scroll of enchant armour {unknown}
Potions
 d - a potion of magic
 f - a potion of berserk rage
 g - a potion of might {unknown}
 k - 2 potions of invisibility {unknown}
 q - a potion of attraction
 u - 2 potions of curing {unknown}
 w - a potion of enlightenment {unknown}


   Skills:
 + Level 0.3 Fighting
 * Level 2.4 Short Blades
 * Level 3.8 Dodging
 + Level 4.2 Stealth
 + Level 6.2 Spellcasting
 * Level 2.6 Conjurations
 + Level 1.9 Summonings
 + Level 0.1 Necromancy
 + Level 1.4 Translocations
 * Level 1.2 Air Magic


You had 4 spell levels left.
You knew the following spells:

 Your Spells              Type           Power      Damage    Failure   Level
a - Magic Dart            Conj           64%        1d6       3%          1
b - Call Imp              Summ           26%        N/A       8%          2
c - Cigotuvi's Dreadful   Necr/Pois/Air  14%        N/A       14%         2
d - Mephitic Cloud        Conj/Pois/Air  10%        N/A       19%         3
e - Poisonous Vapours     Pois/Air       16%        N/A       13%         2
k - Blink                 Tloc           22%        N/A       9%          2
w - Slow                  Hex            20%        N/A       11%         1

Your spell library contained the following spells:

 Spells                   Type           Power      Damage    Failure   Level
 Freeze                   Ice            20%        1d4       11%         1
 Hailstorm                Conj/Ice       11%        3d5       19%         3
 Frozen Ramparts          Ice            10%        1d2       32%         3
 Freezing Cloud           Conj/Ice/Air   5%         6-21      87%         5


Dungeon Overview and Level Annotations

Branches:
Dungeon (5/15)
 Temple: D:4-7

Altars:
Fedhas
Makhleb

Shops:
D:2 (   D:4 (*([=

Annotations:
D:5 Menkaure


Message History

Menkaure closely misses you.
Your cerulean imp completely misses Menkaure.
Casting: Magic Dart (safe; 3% risk of failure)
Confirm with . or Enter, or press ? or * to list all spells.
Aiming: Magic Dart (safe; 3% risk of failure)
Press: ? - help, Shift-Dir - straight line, f/p - Menkaure
Aim: Menkaure (heavily damaged, ally target, 100% to hit)
The magic dart hits Menkaure but does no damage.
Menkaure is heavily damaged.
Menkaure points at you and mumbles some strange words.
Pain shoots through your body!
Your cerulean imp hits Menkaure with a -3 spear.
Casting: Magic Dart (safe; 3% risk of failure)
Confirm with . or Enter, or press ? or * to list all spells.
Aiming: Magic Dart (safe; 3% risk of failure)
Press: ? - help, Shift-Dir - straight line, f/p - Menkaure
Aim: Menkaure (severely damaged, ally target, 100% to hit)
The magic dart hits Menkaure but does no damage.
Menkaure is severely damaged.
Your cerulean imp barely misses Menkaure.
Menkaure calls on the powers of darkness!
Your body is wracked with pain!
The orc convulses!
Casting: Magic Dart (safe; 3% risk of failure)
Confirm with . or Enter, or press ? or * to list all spells.
Aiming: Magic Dart (safe; 3% risk of failure)
Press: ? - help, Shift-Dir - straight line, f/p - Menkaure
Aim: Menkaure (severely damaged, ally target, 100% to hit)
The magic dart hits Menkaure but does no damage.
Menkaure is severely damaged.
Your cerulean imp hits Menkaure but does no damage.
Unknown command.
Casting: Magic Dart (safe; 3% risk of failure)
Confirm with . or Enter, or press ? or * to list all spells.
Aiming: Magic Dart (safe; 3% risk of failure)
Press: ? - help, Shift-Dir - straight line, f/p - Menkaure
Aim: Menkaure (severely damaged, ally target, 100% to hit)
The magic dart hits Menkaure.
Menkaure is almost destroyed.
Menkaure hits you!
You die...

..............................
..####...###..##.##....##########
### #######..#####....####.....#
............................
............................
........<...................
............................
.........o...)..............
..........M@................
##...#..###5..######.##....#
#..########...##..##.##....# ..
#.............# .... .
#.............# ....
#.............# ...
#...................
##....##...........#
###############...#


You could see Menkaure (ally target), an orc and a friendly cerulean imp
(summoned).

Vanquished Creatures
  A hound (D:4)
  An orc priest (D:4)
  2 orc wizards (D:4)
  5 adders
  A white imp (D:5)
  2 worms
  2 dart slugs (D:5)
  7 orcs
  5 bats
  5 endoplasms
  3 giant cockroaches
  10 goblins
  6 hobgoblins
  10 jackals
  2 quokkas (D:2)
  6 ball pythons
  4 frilled lizards
  3 kobolds
  2 rats
77 creatures vanquished.

Vanquished Creatures (collateral kills)
  A phantom (D:4)
  A scorpion (D:4)
  A bat (D:2)
  An endoplasm (D:1)
  A giant cockroach (D:4)
  2 kobolds
  A quokka (D:2)
8 creatures vanquished.

Vanquished Creatures (others)
  A ball python (D:2)
1 creature vanquished.

Grand Total: 86 creatures vanquished

Notes
Turn   | Place    | Note
-------+----------+-------------------------------------------
     0 | D:1      | Ekaitz the Deep Elf Hedge Wizard began the quest for the
                  | Orb.
     0 | D:1      | Reached XP level 1. HP: 10/10 MP: 7/7
   319 | D:1      | Reached XP level 2. HP: 14/15 MP: 4/9
   332 | D:1      | Learned a level 2 spell: Call Imp
   335 | D:1      | Learned a level 2 spell: Blink
   338 | D:1      | Learned a level 2 spell: Cigotuvi's Dreadful Rot
   434 | D:1      | Reached skill level 5 in Spellcasting
   989 | D:1      | Learned a level 1 spell: Slow
  1133 | D:2      | Reached XP level 3. HP: 19/19 MP: 11/11
  1137 | D:2      | Learned a level 3 spell: Mephitic Cloud
  1311 | D:2      | Found a faded altar of an unknown god.
  1366 | D:2      | Found Tootihakh's Weapon Emporium.
  1798 | D:2      | Reached XP level 4. HP: 21/22 MP: 13/13
  2125 | D:3      | Reached skill level 1 in Short Blades
  2229 | D:3      | Learned a level 2 spell: Poisonous Vapours
  2360 | D:3      | Found a blossoming altar of Fedhas.
  2636 | D:4      | Found Guax's Armour Shoppe.
  2644 | D:4      | Noticed a scorpion
  2676 | D:4      | Killed a scorpion
  2677 | D:4      | Reached XP level 5. HP: 13/28 MP: 11/15
  2778 | D:4      | Found Ygoek's Weapon Emporium.
  2786 | D:4      | Bought a +1 dagger of venom for 94 gold pieces
  2792 | D:4      | Found Daatob's General Store.
  2800 | D:4      | Bought a scroll of identify for 26 gold pieces
  3022 | D:4      | Found Dist's Antique Weapon Boutique.
  3127 | D:4      | Identified the +2 hand axe "Qilourph" {freeze, rElec}
  3210 | D:4      | Found Imnuixuh's Jewellery Emporium.
  3315 | D:4      | Found a burning altar of Makhleb.
  3396 | D:4      | Reached skill level 6 in Spellcasting
  3418 | D:4      | Reached XP level 6. HP: 21/32 MP: 17/17
  3426 | D:4      | Reached skill level 1 in Air Magic
  3582 | D:5      | Entered Level 5 of the Dungeon
  3759 | D:5      | Noticed Menkaure
  3920 | D:5      | Identified the +2 short sword "Xutuemos" {freeze, Fragile
                  | rPois rCorr Int-5}
  3953 | D:5      | Slain by Menkaure

Illustrated notes

Levels and vault maps discovered:
D:1:      tarquinn_simple_flora_water_e, layout_basic, st_stairs_5
D:2:      layout_loops_ring, shapermc_ecumenical_altar_flowoftime, serial_shops,
          nicolae_shop_bloodbath_and_beyond, minmay_split_cup_large
D:3:      layout_loops_ring, old_standard_altar, serial_bayou_crossing
D:4:      layout_basic, bloody_makhleb, serial_shops, nicolae_square_shop, shop,
          shop, nicolae_shop_tiny_waterfront, shop, kennysheep_generic_room_15
D:5:      layout_gridville, uniq_menkaure

Skill      XL: |  1  2  3  4  5  6 |
---------------+-------------------+-----
Spellcasting   | 5 6 |  6.2
Stealth        | 3 4 |  4.2
Conjurations   | 2 |  2.6
Short Blades   | 1 2 |  2.4
Dodging        | 3 |  3.8
Air Magic      | 1 |  1.2
Fighting       | |  0.3
Summonings     | |  1.9
Necromancy     | |  0.1
Translocations | |  1.4

Action                     |  1- 3 |  4- 6 || total
---------------------------+-------+-------++-------
  Melee: Dagger            |    39 |    68 ||   107
         Punch             |       |     1 ||     1
   Cast: Magic Dart        |    69 |    76 ||   145
         Call Imp          |     4 |     8 ||    12
         Cigotuvi's Dreadf |     2 |       ||     2
         Blink             |       |     2 ||     2
    Use: Potion            |       |     1 ||     1
         Scroll            |       |     2 ||     2
   Stab: Sleeping          |     9 |     6 ||    15
         Distracted        |     1 |       ||     1
 Armour: Robe              |     7 |     9 ||    16
  Dodge: Dodged            |    37 |    67 ||   104

Table legend: (Time is in decaauts)
 A = Elapsed time spent in this place.
 B = Non-inter-level travel time spent in this place.
 C = Inter-level travel time spent in this place.
 D = Time resting spent in this place.
 E = Time spent auto-exploring this place.
 F = Levels seen in this place.
 G = Mean time per level.
                   A        B        C        D        E       F      G
               +--------+--------+--------+--------+--------+-----+--------+
         Total |   3961 |   3836 |    125 |    154 |   2982 |   5 |  792.2 |
       Dungeon |   3961 |   3836 |    125 |    154 |   2982 |   5 |  792.2 |
               +--------+--------+--------+--------+--------+-----+--------+

Top non-repeatable levels by time:
     D:4: 1111 daAuts
     D:1: 1092 daAuts
     D:2: 831 daAuts
     D:3: 712 daAuts
     D:5: 213 daAuts
